 Dungeon Crawl Stone Soup version 0.15.1-1-gfacfea3 (webtiles) character file.

1369 Kashira the Thaumaturge (level 8, 32/32 HPs)
             Began as a Felid Ice Elementalist on Sept 21, 2014.
             Was an Initiate of Elyvilon.
             Quit the game on Level 8 of the Dungeon.
             The game lasted 00:55:54 (12052 turns).

Kashira the Thaumaturge (Felid Ice Elementalist)   Turns: 12052, Time: 00:55:54

HP  32/32        AC  2     Str  6      XL: 8   Next: 38%
MP  26/26        EV 20     Int 18      God: Elyvilon [......]
Gold 611         SH  0     Dex 16      Spells:  6 memorised,  8 levels left
Lives: 0, deaths: 2

rFire  . . .     SeeInvis +     q - 48 stones
rCold  . . .     Clarity  .     (armour unavailable)
rNeg   . . .     rCorr    .     (shield unavailable)
rPois  +         rRot     .     (helmet unavailable)
rElec  .         Spirit   .     (cloak unavailable)
SustAb .         Warding  .     (gloves unavailable)
rMut   +         Stasis   .     (boots unavailable)
Gourm  .                        e - amulet of resist mutation
MR     +....                    n - ring of poison resistance
                                s - ring of stealth

@: quick, somewhat resistant to hostile enchantments, stealthy
A: paw claws, no armour, no weapons or thrown items, fangs 3, see invisible,
carnivore 3, speed 1, shaggy fur 2, slow metabolism 1, jump 2
a: Jump Attack, Lesser Healing, Renounce Religion


You were on level 8 of the Dungeon.
You worshipped Elyvilon.
Elyvilon was noncommittal.
You were not hungry.

You visited 2 branches of the dungeon, and saw 9 of its levels.

You collected 611 gold pieces.

Inventory:

Missiles
 q - 48 stones (in mouth)
Magical devices
 f - a wand of confusion (13)
 l - a wand of random effects (6) {unknown}
 p - a wand of magic darts (7)
 w - a wand of enslavement (19) {unknown}
 Z - a wand of magic darts (0)
Comestibles
 c - 3 meat rations
 k - a slice of pizza
 U - 2 beef jerkies
Scrolls
 a - a scroll of amnesia
 g - 4 scrolls of remove curse
 h - a scroll of identify
 y - 3 scrolls of fog
 N - 2 scrolls of blinking
 Q - a scroll of fear
Jewellery
 e - an amulet of resist mutation (around neck)
 j - a cursed ring of fire
 n - a ring of poison resistance (right paw)
 r - an uncursed ring of positive energy
 s - a ring of stealth (left paw)
 u - an uncursed ring of stealth
 A - an uncursed ring of flight
Potions
 d - a potion of berserk rage {unknown}
 m - 3 potions of brilliance {unknown}
 o - a potion of degeneration {unknown}
 t - 2 potions of curing
 v - a potion of restore abilities
 x - a potion of cure mutation {unknown}
 z - a potion of invisibility
 P - a potion of might
Books
 b - a book of Frost

   Spells                             Type                      Level
   *Freeze                            Ice                          1
   *Throw Frost                       Conjuration/Ice              2
   *Ozocubu's Armour                  Charms/Ice                   3
   *Throw Icicle                      Conjuration/Ice              4
   Summon Ice Beast                   Ice/Summoning                4
   *Condensation Shield               Ice                          4
 i - a book of Geomancy

   Spells                             Type                      Level
   *Sandblast                         Earth                        1
   Stoneskin                          Transmutation/Earth          2
   Passwall                           Transmutation/Earth          3
   Stone Arrow                        Conjuration/Earth            3
   Petrify                            Transmutation/Earth          4
   Lee's Rapid Deconstruction         Earth                        5


   Skills:
 + Level 1.1 Fighting
 + Level 5.0 Dodging
 - Level 2.6 Stealth
 + Level 0.6 Unarmed Combat
 + Level 8.2 Spellcasting
 + Level 3.1 Conjurations
 + Level 1.2 Charms
 + Level 7.8 Ice Magic
 * Level 2.5 Earth Magic
 * Level 5.4 Invocations
 + Level 2.1 Evocations


You had 8 spell levels left.
You knew the following spells:

 Your Spells              Type           Power        Failure   Level  Hunger
a - Freeze                Ice            ####         1%          1    None
b - Throw Frost           Conj/Ice       ####..       1%          2    None
c - Ozocubu's Armour      Chrm/Ice       ###.....     4%          3    #......
d - Condensation Shield   Ice            #####.....   4%          4    ###....
e - Throw Icicle          Conj/Ice       ####....     12%         4    ###....
f - Sandblast             Erth           ###...       3%          1    None


Dungeon Overview and Level Annotations

Branches:
Dungeon (8/15)             Temple (1/1) D:6
   Lair: D:8-11

Altars:
Ashenzari
Dithmenos
Elyvilon
Kikubaaqudgha
Nemelex Xobeh
Okawaru
Zin

Annotations:
D:2 Sigmund
D:4 Rooster's ghost, average SpEn


Innate Abilities, Weirdness & Mutations

You cannot wear armour.
You are incapable of wielding weapons or throwing items.
Your paws have sharp claws.
You have razor-sharp teeth.
You have supernaturally acute eyesight.
You are carnivorous and can eat meat at any time.
You cover ground quickly.
You are covered in thick fur (AC +2).
You have a slow metabolism.
You can jump attack at a medium distance.


Message History

The ice beast freezes you!
* * * LOW HITPOINT WARNING * * *
Casting: Sandblast
Confirm with . or Enter, or press ? or * to list all spells.
Aiming: Sandblast
Press: ? - help, Shift-Dir - straight line, f/p - ice beast
Aim: an ice beast (severely wounded)
The rocky blast hits the ice beast.
The ice beast is almost dead.
The ice beast hits you.
* * * LOW HITPOINT WARNING * * *
The ice beast freezes you!
You die...
You are now level 8!
You rejoin the land of the living...
Unknown command.
Unknown command.
Unknown command.
Unknown command.
Are you sure you want to abandon this character and quit the game? (Confirm with "yes".)

######### #.####
######.......#####.####
#.......##.............
#.####..#.....#.#####.#
#.####..#..#..#.#......
#.##.......#.......##..
#.##.#.......##.#...#..
#.##.##.##.####.#...#..
#.....@.##.....>.......
#....####.....#........
#.#### #.....#.##..#.#
#..#### #..............
#.....###.....#[#####.#
#.###.........#.......#
#.#x#..##############%#
#.###.## ###.# #.....#
#...#


There were no monsters in sight!

Vanquished Creatures
  A hill giant (D:7)
  Pikel (D:7)
  Edmund (D:7)
  Menkaure (D:7)
  An orc warrior (D:7)
  3 black bears (D:7)
  A slave (D:7)
  4 ogres
  7 big kobolds
  Duvessa (D:8)
  2 centaurs
  5 giant frogs
  A scorpion (D:8)
  2 wights (D:7)
  2 hounds (D:4)
  4 jellies
  Dowan (D:8)
  3 orc priests
  2 goliath beetles
  2 orc wizards (D:6)
  A kobold skeleton (D:8)
  9 worker ants
  8 adders
  2 gnolls (D:4)
  3 shadow imps
  2 giant mites
  A worm (D:6)
  An iguana zombie (D:8)
  3 giant geckos (D:1)
  An ooze (D:1)
  26 orcs
  3 bat skeletons
  8 giant cockroaches
  14 goblins
  15 hobgoblins
  7 jackals
  3 quokkas
  A ball python (D:3)
  10 bats
  A giant cockroach zombie (D:8)
  5 giant newts
  45 kobolds
  A quokka skeleton (D:6)
  9 rats
  A butterfly (D:6)
225 creatures vanquished.

Vanquished Creatures (others)
  2 slaves (D:7)
  A crimson imp (D:7)
  A wight (D:7)
  An iguana (D:7)
  7 orcs (D:7)
  A rat (D:7)
13 creatures vanquished.

Grand Total: 238 creatures vanquished

Notes
Turn   | Place    | Note
--------------------------------------------------------------
     0 | D:1      | Kashira, the Felid Ice Elementalist, began the quest for the Orb.
     0 | D:1      | Reached XP level 1. HP: 7/7 MP: 4/4
   234 | D:1      | Reached skill level 3 in Ice Magic
   510 | D:1      | Reached XP level 2. HP: 11/11 MP: 3/5
   524 | D:1      | Learned a level 2 spell: Throw Frost
  1174 | D:1      | Reached XP level 3. HP: 14/14 MP: 6/8
  1687 | D:2      | Learned a level 3 spell: Ozocubu's Armour
  1873 | D:2      | Noticed Sigmund
  2220 | D:3      | Reached XP level 4. HP: 10/18 MP: 4/11
  2574 | D:3      | Reached skill level 4 in Ice Magic
  3233 | D:4      | Reached XP level 5. HP: 21/21 MP: 7/14
  3347 | D:4      | Noticed a phantom
  3358 | D:4      | Reached skill level 1 in Conjurations
  3517 | D:3      | Learned a level 4 spell: Condensation Shield
  3573 | D:4      | Noticed an ogre
  3583 | D:4      | Killed an ogre
  3583 | D:4      | Gained mutation: You are covered in thick fur (AC +2). [growing up]
  3583 | D:4      | Gained mutation: You can jump attack at a medium distance. [growing up]
  3583 | D:4      | Reached XP level 6. HP: 22/25 MP: 3/18
  4020 | D:5      | Entered Level 5 of the Dungeon
  4126 | D:4      | Found a shadowy altar of Dithmenos.
  4129 | D:4      | Noticed Rooster's ghost (average SpEn)
  4418 | D:5      | Found an ancient bone altar of Kikubaaqudgha.
  4419 | D:5      | Found an iron altar of Okawaru.
  4419 | D:5      | Found a white marble altar of Elyvilon.
  4424 | D:5      | Became a worshipper of Elyvilon the Healer
  4457 | D:5      | Acquired Elyvilon's first power
  5035 | D:5      | Reached skill level 5 in Ice Magic
  5277 | D:6      | Found a staircase to the Ecumenical Temple.
  5735 | D:4      | Noticed a big kobold
  5752 | D:4      | Killed a big kobold
  5752 | D:4      | Reached XP level 7. HP: 28/28 MP: 6/20
  5856 | D:4      | Noticed a big kobold
  5867 | D:4      | Killed a big kobold
  5969 | D:4      | Reached skill level 1 in Invocations
  5984 | D:4      | Noticed a big kobold
  6006 | D:4      | Killed a big kobold
  6006 | D:4      | Reached skill level 5 in Spellcasting
  6051 | D:4      | Noticed a big kobold
  6070 | D:4      | Killed a big kobold
  6162 | D:4      | Noticed a big kobold
  6169 | D:4      | Killed a big kobold
  6316 | D:4      | Noticed a big kobold
  6574 | D:4      | Killed a big kobold
  6986 | D:6      | Reached skill level 1 in Fighting
  6986 | D:6      | Reached XP level 8. HP: 12/32 MP: 12/23
  7286 | D:6      | Reached skill level 6 in Ice Magic
  7347 | Temple   | Entered the Ecumenical Temple
  7831 | D:6      | Learned a level 4 spell: Throw Icicle
  7881 | D:6      | Identified 2 scrolls of acquirement
  9044 | D:7      | Noticed Pikel
  9073 | D:7      | Killed Pikel
  9073 | D:7      | Reached skill level 7 in Spellcasting
  9073 | D:7      | Reached XP level 9. HP: 21/35 MP: 0/26
  9221 | D:7      | Noticed Edmund
  9233 | D:7      | Killed Edmund
  9233 | D:7      | Reached skill level 1 in Evocations
  9315 | D:6      | Learned a level 1 spell: Sandblast
  9862 | D:7      | Noticed Menkaure
  9864 | D:7      | Noticed a hill giant
  9914 | D:7      | Mangled by a hill giant
  9915 | D:7      | Reached XP level 8. HP: -11/32 MP: 9/25
 10016 | D:7      | Killed a hill giant
 10016 | D:7      | Reached skill level 1 in Charms
 10016 | D:7      | Reached skill level 1 in Earth Magic
 10016 | D:7      | Reached skill level 5 in Invocations
 10016 | D:7      | Reached XP level 9. HP: 35/35 MP: 3/27
 10547 | D:7      | Reached skill level 5 in Dodging
 10754 | D:7      | Killed Menkaure
 10754 | D:7      | Reached skill level 8 in Spellcasting
 11119 | D:8      | Noticed Duvessa
 11119 | D:8      | Noticed Dowan
 11134 | D:8      | Killed Dowan
 11263 | D:8      | Noticed an unseen horror
 11540 | D:8      | Killed Duvessa
 12051 | D:8      | Slain by an ice beast
 12052 | D:8      | Reached XP level 8. HP: -5/32 MP: 18/26
 12052 | D:8      | Quit the game

Action                   |  1- 3 |  4- 6 |  7- 9 || total
-------------------------+-------+-------+-------++-------
Melee: Unarmed           |    11 |    15 |    45 ||    71
 Cast: Freeze            |    71 |   104 |   274 ||   449
       Throw Frost       |     4 |    40 |    74 ||   118
       Ozocubu's Armour  |     1 |     5 |    11 ||    17
       Condensation Shie |       |     2 |    17 ||    19
       Throw Icicle      |       |       |     9 ||     9
       Sandblast         |       |       |    37 ||    37
Invok: Lesser Healing    |       |     6 |     2 ||     8
Evoke: Wand              |       |     6 |    22 ||    28
  Use: Scroll            |       |    10 |    13 ||    23
       Potion            |       |     2 |     2 ||     4
 Stab: Sleeping          |       |     2 |       ||     2
       Distracted        |       |       |     1 ||     1
  Eat: Chunk             |    10 |     9 |    20 ||    39
